 Dungeon Crawl Stone Soup version 0.30-a0-377-g5cb311bc9f (webtiles) character file.

Game seed: 2573851795524201234

278 LnG the Sneak (level 6, 0/33 HPs)
             Began as a Kobold Summoner on Nov 29, 2022.
             Slain by a nameless horror (10 damage)
             ... created by miscasting Call Canine Familiar
             ... on level 4 of the Dungeon.
             The game lasted 00:08:52 (3183 turns).

LnG the Sneak (Kobold Summoner)                     Turns: 3183, Time: 00:08:52

Health: 0/33       AC:  4    Str:  6    XL:     6   Next: 51%
Magic:  0/10       EV: 16    Int: 18    God:
Gold:   127        SH:  0    Dex: 15    Spells: 1/10 levels left

rFire   . . .      SeeInvis .    k - +0 dagger
rCold   . . .      Faith    .    (no shield)
rNeg    . . .      Spirit   .    a - +0 robe
rPois   .          Reflect  .    (no helmet)
rElec   .          Harm     .    o - +0 cloak
rCorr   .          Rampage  .    u - +0 pair of gloves
Will    .....                    (no boots)
Stlth   ++++......               (no amulet)
HPRegen 0.25/turn                (no ring)
MPRegen 0.12/turn                (no ring)

@: no status effects
A: small, no large weapons, nightstalker 3
a: no special abilities


You were on level 4 of the Dungeon.
You visited 1 branch of the dungeon, and saw 4 of its levels.

You collected 127 gold pieces.

Inventory:

Hand Weapons
 k - a +0 dagger (weapon)
Armour
 a - a +0 robe (worn)
 o - a +0 cloak (worn)
 u - a +0 pair of gloves (worn)
Jewellery
 s - a ring of protection from cold
Scrolls
 c - a scroll of magic mapping
 d - 2 scrolls of fog
 e - a scroll of poison
 f - a scroll of torment
 h - a scroll of enchant armour
 j - 2 scrolls of teleportation {unknown}
 l - a scroll of vulnerability
 r - a scroll of fear {unknown}
 t - a scroll of noise {unknown}
Potions
 g - 3 potions of cancellation {unknown}
 i - 2 potions of might {unknown}
 n - a potion of attraction {unknown}
 p - 2 potions of mutation {unknown}
 q - a potion of invisibility {unknown}


   Skills:
 + Level 0.4 Fighting
 + Level 1.3 Short Blades
 * Level 4.0 Dodging
 * Level 6.6 Stealth
 + Level 2.9 Spellcasting
 + Level 4.6 Summonings


You had one spell level left.
You knew the following spells:

 Your Spells              Type           Power      Damage    Failure   Level
a - Summon Small Mammal   Summ           76%        N/A       2%          1
b - Call Imp              Summ           19%        N/A       3%          2
c - Call Canine Familiar  Summ           19%        N/A       8%          3
d - Summon Guardian Gole  Hex/Summ       11%        N/A       19%         3

Your spell library contained the following spells:

 Spells                   Type           Power      Damage    Failure   Level
 Apportation              Tloc           4%         N/A       17%         1
 Necrotise                Necr           8%         1d4       17%         1
 Scorch                   Fire           4%         2d5       26%         2
 Summon Lightning Spire   Summ/Air       11%        N/A       54%         4
 Flame Wave               Conj/Fire      2%         2d4       86%         4
 Manifold Assault         Tloc           2%         N/A       86%         4
 Summon Cactus Giant      Summ           9%         N/A       98%         6
 Dispersal                Tloc           1%         N/A       100%        6
 Disjunction              Tloc           1%         N/A       100%        8


Dungeon Overview and Level Annotations

Branches:
Dungeon (4/15)
 Temple: D:4-7

Altars:

Shops:
D:3 (


Innate Abilities, Weirdness & Mutations

You are small and have problems with some larger weapons.
You are completely attuned to the shadows.


Message History

The nameless horror is severely damaged.
Send 'em back where they came from!
Your hound disappears in a puff of smoke!
Your crimson imp disappears in a puff of smoke!
You barely miss the nameless horror.
The nameless horror is severely damaged.
The nameless horror closely misses you.
You hit the nameless horror.
The nameless horror is severely damaged.
The nameless horror misses you.
You hit the nameless horror but do no damage.
The nameless horror is severely damaged.
The nameless horror misses you.
Casting: Call Imp (safe; 3% risk of failure)
Confirm with . or Enter, or press ? or * to list all spells.
You don't have enough magic to cast this spell.
Unknown command.
You hit the nameless horror.
The nameless horror is almost destroyed.
The nameless horror completely misses you.
You hit the nameless horror but do no damage.
The nameless horror is almost destroyed.
The nameless horror barely misses you.
You hit the nameless horror but do no damage.
The nameless horror is almost destroyed.
The nameless horror hits you!
You feel your power leaking away.
You hit the nameless horror but do no damage.
The nameless horror is almost destroyed.
The nameless horror misses you.
You barely miss the nameless horror.
The nameless horror is severely damaged.
The nameless horror closely misses you.
You hit the nameless horror.
The nameless horror is almost destroyed.
The nameless horror hits you!
You hit the nameless horror but do no damage.
The nameless horror is almost destroyed.
The nameless horror hits you!
You die...

#<#####X# #X.$#
#.#.###.## #....
#.#..##..# #....
#.#..###.####.##†
#...!# #....X....
#..#.####......†.
#..#.##....##....
##..#.....#.##....
###@.......^..##....
####...X##..##.####....
.....#...<..##.# .....
...........K.... .....
............... #....
...#........... .....
......#........ #....


You could see a nameless horror.

Vanquished Creatures
  A jelly (D:4)
  An iguana (D:4)
  An adder (D:3)
  4 dart slugs (D:2)
  An endoplasm (D:3)
  3 goblins
  2 hobgoblins (D:2)
  5 jackals (D:3)
  2 kobolds
  3 ball pythons
  A bat (D:2)
  2 frilled lizards (D:2)
  5 rats
31 creatures vanquished.

Vanquished Creatures (collateral kills)
  A black bear (D:4)
  A hound (D:4)
  Crazy Yiuf (D:2)
  An ufetubus (D:3)
  A worm (D:2)
  A dart slug (D:2)
  4 orcs (D:2)
  A ball python (D:1)
  2 bats
  An endoplasm (D:4)
  2 giant cockroaches (D:1)
  A quokka (D:1)
  A goblin (D:1)
18 creatures vanquished.

Grand Total: 49 creatures vanquished

Notes
Turn   | Place    | Note
-------+----------+-------------------------------------------
     0 | D:1      | LnG the Kobold Summoner began the quest for the Orb.
     0 | D:1      | Reached XP level 1. HP: 10/10 MP: 3/3
   197 | D:1      | Found a faded altar of an unknown god.
   576 | D:1      | Reached XP level 2. HP: 11/15 MP: 3/5
   579 | D:1      | Learned a level 2 spell: Call Imp
  1017 | D:2      | Reached skill level 3 in Stealth
  1030 | D:2      | Reached XP level 3. HP: 12/19 MP: 2/6
  1072 | D:2      | Learned a level 3 spell: Call Canine Familiar
  1692 | D:2      | Found a runed translucent door.
  1695 | D:2      | Noticed Crazy Yiuf
  1701 | D:2      | Killed Crazy Yiuf
  1702 | D:2      | Reached skill level 4 in Stealth
  1702 | D:2      | Reached XP level 4. HP: 16/24 MP: 4/8
  1901 | D:3      | Found Kesetet's Antique Weapon Shoppe.
  1962 | D:3      | Identified the +5 ring mail "Uppynn" {Rampage Dex+5 Slay+5}
  2507 | D:3      | Reached XP level 5. HP: 28/28 MP: 9/9
  2730 | D:4      | Noticed a black bear
  2740 | D:4      | Killed a black bear
  2741 | D:4      | Reached skill level 1 in Short Blades
  2741 | D:4      | Reached skill level 6 in Stealth
  2856 | D:3      | Reached XP level 6. HP: 5/32 MP: 6/10
  2888 | D:3      | Learned a level 3 spell: Summon Guardian Golem
  3008 | D:4      | HP: 1/33 [hound (3)]
  3021 | D:4      | Noticed a nameless horror
  3183 | D:4      | Slain by a nameless horror

Illustrated notes

Levels and vault maps discovered:
D:1:      dpeg_arrival_three_bigger_balls, layout_basic,
          ebering_ecumenical_altar_mist, reono_crystal_passage
D:2:      layout_rooms, uniq_crazy_yiuf_cottage
D:3:      layout_basic, serial_shops, nicolae_shop_waterfront
D:4:      layout_rooms, minmay_temple_entry_mini_moons

Skill      XL: |  1  2  3  4  5  6 |
---------------+-------------------+-----
Stealth        | 3 4 6 |  6.6
Dodging        | 3 4 |  4.0
Short Blades   | 1 |  1.3
Fighting       | |  0.4
Spellcasting   | |  2.9
Summonings     | |  4.6

Action                   |  1- 3 |  4- 6 || total
-------------------------+-------+-------++-------
Melee: Unarmed           |    34 |       ||    34
       Dagger            |    31 |   113 ||   144
 Cast: Summon Small Mamm |    19 |       ||    19
       Call Imp          |     2 |     2 ||     4
       Call Canine Famil |     2 |     9 ||    11
  Use: Scroll            |     5 |     3 ||     8
       Potion            |       |     1 ||     1
 Stab: Sleeping          |    15 |     7 ||    22
       Distracted        |     1 |       ||     1
Armor: Robe              |    13 |    23 ||    36
Dodge: Dodged            |    48 |   130 ||   178

Table legend: (Time is in decaauts)
 A = Elapsed time spent in this place.
 B = Non-inter-level travel time spent in this place.
 C = Inter-level travel time spent in this place.
 D = Time resting spent in this place.
 E = Time spent auto-exploring this place.
 F = Levels seen in this place.
 G = Mean time per level.
                   A        B        C        D        E       F      G
               +--------+--------+--------+--------+--------+-----+--------+
         Total |   3181 |   2980 |    201 |    231 |   2186 |   4 |  795.2 |
       Dungeon |   3181 |   2980 |    201 |    231 |   2186 |   4 |  795.2 |
               +--------+--------+--------+--------+--------+-----+--------+

Top non-repeatable levels by time:
     D:3: 1186 daAuts
     D:1: 985 daAuts
     D:2: 780 daAuts
     D:4: 229 daAuts
